[Event "Titled Tuesday Blitz July 18 Early 2023"]
[White "Okike, David"]
[Black "robertoalejandro10"]
[WhiteFideId "8500134"]
[WhiteElo "2334"]
[BlackElo "2549"]
[Result "0-1"]
[Round "5"]
[TimeControl "180+2"]
[Date "2023.07.18"]
[WhiteClock "0:00:47"]
[BlackClock "0:00:04"]
[Board "120"]

1. e4 c5 2. Nf3 g6 3. d4 cxd4 4. Qxd4 Nf6 5. Bb5 a6 6. Ba4 b5 7. e5 Nc6 8. Qh4 Nxe5 9. Nxe5 bxa4 10. Qxa4 Bg7 11. O-O O-O 12. Rd1 d6 13. c4 Bb7 14. Nc3 Qc7 15. Nf3 Bxf3 16. gxf3 Rfc8 17. Nd5 Nxd5 18. cxd5 Qc2 19. Qxc2 Rxc2 20. Rb1 Rb8 21. Bg5 Rb7 22. Re1 Kf8 23. Rbc1 Rxc1 24. Rxc1 f6 25. Be3 Rxb2 26. Rc8+ Kf7 27. a3 Rb3 28. Bc1 f5 29. Kg2 Rb5 30. Ra8 a5 31. Bd2 Rxd5 32. Bxa5 Bd4 33. Bb4 Bc5 34. Bxc5 Rxc5 35. a4 Rc2 36. f4 Ra2 37. Kf3 Ra3+ 38. Ke2 Ke6 39. Ra7 h6 40. h4 Rh3 41. a5 Rxh4 42. Ke3 Rh3+ 43. f3 Rh1 44. Ra8 Ra1 45. Rh8 Rxa5 46. Rxh6 Kf6 47. Rh7 Ra3+ 48. Kf2 e6 49. Rd7 Rd3 50. Ke2 Rd5 51. Ke3 g5 52. fxg5+ Kxg5 53. f4+ Kf6 54. Rh7 Rb5 55. Kd3 Rb3+ 56. Ke2 e5 57. Rh6+ Ke7 58. Rh5 Ke6 59. Rh6+ Kd5 60. fxe5 dxe5 61. Rh8 Ke4 62. Kd2 Rb2+ 63. Kc3 Rb7 64. Kd2 f4 65. Rf8 Rd7+ 66. Ke2 Rh7 67. Kf2 Rh2+ 68. Kg1 Rc2 69. Kf1 Ke3 70. Rh8 e4 71. Ra8 Rc3 72. Ra1 f3 73. Kg1 Kf4 74. Kh2 Rc2+ 75. Kh3 Rc8 76. Kh2 Rh8+ 77. Kg1 Kg3 78. Ra3 Rc8 79. Ra1 e3 80. Kh1 Rh8+ 81. Kg1 f2+ 82. Kf1 Rh1+ 0-1


[Site "https://www.chess.com"]

[Event "Titled Tuesday Blitz July 18 Early 2023"]
[White "kiwibobo"]
[Black "Arencibia Monduy, Antonio"]
[BlackFideId "3507939"]
[WhiteElo "2333"]
[BlackElo "2548"]
[Result "0-1"]
[Round "5"]
[TimeControl "180+2"]
[Date "2023.07.18"]
[WhiteClock "0:00:08"]
[BlackClock "0:00:37"]
[Board "121"]

1. e4 e6 2. d4 d5 3. Nd2 dxe4 4. Nxe4 Nd7 5. Nf3 Ngf6 6. Nxf6+ Nxf6 7. Bd3 Be7 8. O-O O-O 9. c3 b6 10. Bf4 Bb7 11. Ne5 c5 12. dxc5 bxc5 13. Qb3 Bd5 14. c4 Rb8 15. Qc2 Ba8 16. Rfd1 Qb6 17. Nd7 Nxd7 18. Bxh7+ Kh8 19. Rxd7 Qc6 20. Rd5 exd5 21. Bxb8 Rxb8 22. Re1 d4 23. Be4 Qc7 24. Bxa8 Rxa8 25. Qe4 Re8 26. Qf5 Kg8 27. Re4 g6 28. Qd5 Kf8 29. Re1 Rd8 30. Qe4 d3 31. Qe3 d2 32. Rd1 Qd6 33. g3 Kg7 34. h4 Bf6 35. b3 Qd4 36. Qf3 Re8 37. Kg2 Re1 38. h5 Rxd1 39. Qxd1 Qe4+ 40. Kf1 Qh1+ 41. Ke2 Qxd1+ 42. Kxd1 Bc3 43. hxg6 Kxg6 44. Kc2 Kf5 45. f3 Ke5 46. Kd1 Kd4 47. Ke2 Bb4 48. g4 Kc3 49. Kd1 Kd3 50. f4 Bc3 51. f5 Ke4 52. Kc2 Kf4 53. a3 a5 54. a4 Kxg4 55. Kd1 Kxf5 56. Kc2 Ke4 57. Kd1 f5 58. Ke2 f4 59. Kd1 Kd3 60. b4 axb4 61. a5 b3 62. a6 b2 63. a7 b1=Q# 0-1


[Site "https://www.chess.com"]

[Event "Titled Tuesday Blitz July 18 Early 2023"]
[White "Acikel, Mert"]
[Black "Ezat, Mohamed"]
[WhiteFideId "12956465"]
[BlackFideId "10600906"]
[WhiteElo "2324"]
[BlackElo "2541"]
[Result "0-1"]
[Round "5"]
[TimeControl "180+2"]
[Date "2023.07.18"]
[WhiteClock "0:00:02"]
[BlackClock "0:00:13"]
[Board "122"]

1. e4 e5 2. Nf3 Nc6 3. Bc4 Nf6 4. d3 h6 5. O-O g6 6. c3 Bg7 7. Re1 O-O 8. d4 d6 9. h3 Qe7 10. Nbd2 Kh7 11. Bd3 Nh5 12. Nb3 a5 13. a4 Bd7 14. Be3 exd4 15. cxd4 Nb4 16. Bc4 Qxe4 17. Bxh6 Qc2 18. Bxg7 Kxg7 19. Bf1 Bc6 20. d5 Qxd1 21. Rexd1 Bxd5 22. Nfd4 c6 23. Nd2 Nf4 24. Rac1 Rfe8 25. Bc4 Bxg2 26. Kh2 Rh8 27. Kg3 g5 28. h4 f6 29. Nf5+ Kg6 30. Ne7+ Kg7 31. Nf5+ Kg6 32. Ne7+ Kh5 33. Bf7+ Kh6 34. hxg5+ Kxg5 35. f3 Rh3+ 36. Kf2 Nbd3+ 37. Ke3 Nxc1 38. Rxc1 f5 39. Rc4 Kf6 40. Kf2 Kxe7 41. Rxf4 Kxf7 42. Kxg2 Rah8 43. Rxf5+ Ke6 0-1


[Site "https://www.chess.com"]

[Event "Titled Tuesday Blitz July 18 Early 2023"]
[White "Hajiyev, Kanan"]
[Black "Travadon, Loic"]
[WhiteFideId "13404148"]
[BlackFideId "26092131"]
[WhiteElo "2540"]
[BlackElo "2321"]
[Result "1-0"]
[Round "5"]
[TimeControl "180+2"]
[Date "2023.07.18"]
[WhiteClock "0:02:22"]
[BlackClock "0:00:46"]
[Board "123"]

1. d4 d5 2. c4 e6 3. cxd5 exd5 4. Nc3 Nf6 5. Qc2 c6 6. Nf3 Bb4 7. Bg5 h6 8. Bf4 O-O 9. e3 Nh5 10. Be5 Nd7 11. Bd3 Nxe5 12. dxe5 Bg4 13. h3 Bxf3 14. gxf3 d4 15. O-O-O Bxc3 16. bxc3 c5 17. c4 Qc7 18. f4 dxe3 19. fxe3 a6 20. Be4 Ng3 21. Bh7+ Kh8 22. Rhg1 Ne2+ 23. Qxe2 Kxh7 24. Qg4 g6 25. Rd7 Qa5 26. Qxg6+ Kh8 27. Qg7# 1-0


[Site "https://www.chess.com"]

[Event "Titled Tuesday Blitz July 18 Early 2023"]
[White "Girya, Olga"]
[Black "lgabi"]
[WhiteFideId "4195752"]
[WhiteElo "2538"]
[BlackElo "2307"]
[Result "0-1"]
[Round "5"]
[TimeControl "180+2"]
[Date "2023.07.18"]
[WhiteClock "0:00:00"]
[BlackClock "0:00:08"]
[Board "124"]

1. d4 d5 2. Nf3 Nf6 3. c4 e6 4. Nc3 c6 5. e3 Nbd7 6. Qc2 Bd6 7. b3 e5 8. cxd5 cxd5 9. Nb5 Bb4+ 10. Bd2 Bxd2+ 11. Nxd2 O-O 12. Qc7 exd4 13. Qxd8 Rxd8 14. Nxd4 Ne5 15. Be2 Bg4 16. Bxg4 Nfxg4 17. Ke2 Rac8 18. Rac1 a6 19. N2f3 Nxf3 20. gxf3 Nf6 21. Rhd1 g6 22. b4 Kf8 23. Nb3 b6 24. Nd4 Ke8 25. a4 Kd7 26. Kd3 Ng8 27. f4 Ne7 28. b5 axb5 29. axb5 Rxc1 30. Rxc1 Ra8 31. Rc3 Ra2 32. Ne2 Nf5 33. Rb3 Nd6 34. h3 Ne4 35. Ng3 Nc5+ 0-1


[Site "https://www.chess.com"]

[Event "Titled Tuesday Blitz July 18 Early 2023"]
[White "Tikhonov, Viacheslav"]
[Black "Pershina, Elena"]
[WhiteFideId "44196407"]
[BlackFideId "24147516"]
[WhiteElo "2533"]
[BlackElo "2305"]
[Result "1-0"]
[Round "5"]
[TimeControl "180+2"]
[Date "2023.07.18"]
[WhiteClock "0:00:46"]
[BlackClock "0:00:01"]
[Board "125"]

1. e4 c5 2. Nf3 Nc6 3. Bb5 g6 4. Bxc6 dxc6 5. h3 Bg7 6. d3 Qc7 7. Nc3 e5 8. Be3 b6 9. Qd2 h6 10. Nh4 Nf6 11. a3 Nh5 12. g3 Be6 13. b4 c4 14. Rd1 O-O-O 15. Qe2 Bf6 16. Nf3 cxd3 17. Rxd3 Rxd3 18. cxd3 Ng7 19. d4 exd4 20. Bxd4 Bxd4 21. Nxd4 Qe5 22. Qa6+ Kd7 23. Qxa7+ Qc7 24. Qxc7+ Kxc7 25. f4 Ra8 26. a4 c5 27. bxc5 bxc5 28. Nxe6+ Nxe6 29. O-O Nd4 30. f5 Rb8 31. fxg6 fxg6 32. Rf6 Rb2 33. Rxg6 Nf3+ 34. Kf1 Rd2 35. Rf6 Nd4 36. Nb5+ Nxb5 37. axb5 Rd4 38. Rc6+ Kb7 39. Rxc5 Rxe4 40. Rh5 Kb6 41. Rxh6+ Kxb5 42. Rf6 Kc5 43. Kf2 Kd5 44. Kf3 Ra4 45. h4 Ke5 46. Rf4 Ra3+ 47. Kg4 Ra1 48. Rf5+ Ke6 49. Rb5 Kf6 50. Rb6+ Kg7 51. Rb5 Ra3 52. Kf4 Ra4+ 53. Kg5 Ra7 54. h5 Ra3 55. g4 Ra1 56. Rb7+ Kg8 57. Re7 Ra6 58. Kf5 Ra5+ 59. Re5 Ra1 60. g5 Rh1 61. Kg6 Kf8 62. Rf5+ Kg8 63. Rb5 Kf8 64. Rb8+ Ke7 65. h6 1-0


[Site "https://www.chess.com"]

[Event "Titled Tuesday Blitz July 18 Early 2023"]
[White "Mikhaylova, Irina"]
[Black "Ortega Amarelle, Mariano"]
[WhiteFideId "4109040"]
[BlackFideId "3504301"]
[WhiteElo "2300"]
[BlackElo "2531"]
[Result "0-1"]
[Round "5"]
[TimeControl "180+2"]
[Date "2023.07.18"]
[WhiteClock "0:00:12"]
[BlackClock "0:00:09"]
[Board "126"]

1. d4 d6 2. Nf3 Nd7 3. c4 e5 4. Nc3 g6 5. e4 Bg7 6. Be2 Ne7 7. O-O O-O 8. Be3 exd4 9. Nxd4 Nc6 10. Qd2 a5 11. Rfd1 Nxd4 12. Bxd4 Bxd4 13. Qxd4 Nc5 14. Nd5 f6 15. Rac1 Be6 16. Nc3 Qe7 17. f3 Qg7 18. Bf1 f5 19. Qxg7+ Kxg7 20. exf5 Rxf5 21. b3 Re8 22. Bd3 Re5 23. Kf2 Bf5 24. Bxf5 gxf5 25. Rd2 Re3 26. Rcc2 Nd3+ 27. Kg3 Kf7 28. Re2 Rg8+ 29. Kh4 Rxe2 30. Rxe2 Nf4 31. Rd2 Nxg2+ 32. Kh3 Nf4+ 33. Kh4 b6 34. Nb5 Ne6 35. Nc3 Rg1 36. Re2 Nd4 37. Rf2 f4 38. Nd5 Nf5+ 39. Kh3 Re1 40. Nxf4 Kf6 41. Nd5+ Ke5 42. Nxc7 Kd4 43. Nd5 Ne3 44. Nxe3 Kxe3 45. Rg2 Kxf3 46. Rg7 Re2 47. Rxh7 Rxa2 48. Rd7 Rb2 49. Rxd6 Rxb3 50. Re6 a4 51. Re8 a3 52. Ra8 Ke4+ 53. Kg4 Kd4 54. h4 Kxc4 55. h5 Kb4 56. h6 Rb1 57. h7 Rh1 58. h8=Q Rxh8 59. Rxh8 b5 60. Ra8 Kb3 61. Kf4 b4 62. Ke3 Ka2 63. Kd3 b3 64. Kc3 b2 65. Rb8 b1=Q 66. Rxb1 Kxb1 67. Kb3 a2 0-1


[Site "https://www.chess.com"]

[Event "Titled Tuesday Blitz July 18 Early 2023"]
[White "Jimenez Almeida, Luis David"]
[Black "Zaksaite, Salomeja"]
[WhiteFideId "22242244"]
[BlackFideId "12801496"]
[WhiteElo "2529"]
[BlackElo "2300"]
[Result "1-0"]
[Round "5"]
[TimeControl "180+2"]
[Date "2023.07.18"]
[WhiteClock "0:00:05"]
[BlackClock "0:00:00"]
[Board "127"]

1. e4 c5 2. Nc3 e6 3. Nge2 Nc6 4. g3 d5 5. d3 d4 6. Nb1 g6 7. Bg2 Bg7 8. a4 Nge7 9. Nd2 Rb8 10. Nc4 b6 11. O-O a6 12. f4 b5 13. axb5 axb5 14. Nd2 O-O 15. e5 Nd5 16. Ne4 Qb6 17. g4 f5 18. exf6 Nxf6 19. N2g3 Nd5 20. h4 c4 21. Kh2 Ne3 22. Bxe3 dxe3 23. c3 cxd3 24. Qxd3 b4 25. h5 Rd8 26. Qc2 bxc3 27. bxc3 Qb2 28. Rac1 Qxc2 29. Rxc2 Ba6 30. Re1 Bd3 31. Ra2 e2 32. hxg6 hxg6 33. Rexe2 Bxe2 34. Rxe2 e5 35. f5 gxf5 36. Nxf5 Kf7 37. Ned6+ Ke6 38. Ne4 Bf8 39. Ng5+ Kf6 40. Nh7+ Kg6 41. Nxf8+ Rxf8 42. Bxc6 Rh8+ 43. Kg2 Rb3 44. Re3 Kg5 45. Kg3 Rc8 46. Ne7 Rc7 47. Rxe5+ Kf6 48. Kf4 Rxe7 49. g5+ 1-0


[Site "https://www.chess.com"]

[Event "Titled Tuesday Blitz July 18 Early 2023"]
[White "AyMitecK"]
[Black "Barwinska, Ewa"]
[BlackFideId "21833761"]
[WhiteElo "2524"]
[BlackElo "2298"]
[Result "1-0"]
[Round "5"]
[TimeControl "180+2"]
[Date "2023.07.18"]
[WhiteClock "0:01:11"]
[BlackClock "0:00:02"]
[Board "128"]

1. e4 e5 2. Nf3 Nc6 3. Bc4 Bc5 4. c3 Bb6 5. O-O Nf6 6. d3 O-O 7. Bb3 h6 8. Nbd2 d5 9. h3 Be6 10. Bc2 d4 11. Kh1 Nh7 12. g4 Ng5 13. Nxg5 Qxg5 14. Nf3 Qe7 15. c4 a5 16. Ba4 Nd8 17. Nxe5 c5 18. f4 Bc7 19. Nf3 Nc6 20. Bxc6 bxc6 21. Rf2 Bd7 22. Qg1 Rab8 23. Qg2 Kh8 24. f5 f6 25. Nh4 Be8 26. Qf3 Qe5 27. Qg2 Bf7 28. Bf4 Qe7 29. Qh2 Bxf4 30. Qxf4 a4 31. Ng2 a3 32. b3 Qa7 33. Qd6 Qb7 34. Qg3 Rbd8 35. Nf4 Qb4 36. Rc2 Qb7 37. h4 Qc7 38. g5 fxg5 39. hxg5 Qd6 40. Ng6+ Bxg6 41. Qxd6 Rxd6 42. fxg6 Rxg6 43. gxh6 Rxh6+ 44. Rh2 Rf6 45. Rxh6+ Rxh6+ 46. Kg2 Rg6+ 47. Kf3 Rf6+ 48. Kg3 Rg6+ 49. Kf4 Rf6+ 50. Ke5 Rf2 51. Kd6 Rd2 52. e5 Rxd3 53. e6 Re3 54. Kd7 Kg8 55. e7 d3 56. e8=Q+ Rxe8 57. Kxe8 g5 58. Rg1 d2 59. Rxg5+ Kh7 60. Rg1 1-0


[Site "https://www.chess.com"]

[Event "Titled Tuesday Blitz July 18 Early 2023"]
[White "Andreev, Konstantin"]
[Black "Akhayan, Ruben"]
[WhiteFideId "24239305"]
[BlackFideId "204439"]
[WhiteElo "2521"]
[BlackElo "2287"]
[Result "0-1"]
[Round "5"]
[TimeControl "180+2"]
[Date "2023.07.18"]
[WhiteClock "0:01:22"]
[BlackClock "0:01:21"]
[Board "129"]

1. e4 c6 2. d4 d5 3. e5 g6 4. f4 Bg7 5. Nf3 h5 6. Be3 Nh6 7. Nc3 Bg4 8. Qd2 Nf5 9. Bf2 Nd7 10. Ng5 Nh6 11. h3 Bf5 12. Be2 O-O 13. Rg1 f6 14. g4 fxg5 15. fxg5 Nxg4 16. hxg4 Be6 17. gxh5 gxh5 18. Bxh5 Nb6 19. Bg6 Bf5 20. Bxf5 Rxf5 21. O-O-O e6 22. g6 Nc4 23. Qe2 Qf8 24. a3 Rxf2 25. Qh5 Qf4+ 26. Kb1 Rh2 27. Qg4 Qxg4 28. Rxg4 Ne3 0-1


[Site "https://www.chess.com"]

[Event "Titled Tuesday Blitz July 18 Early 2023"]
[White "Marosi, Levente"]
[Black "Chemin, Justo Reinaldo"]
[WhiteFideId "747181"]
[BlackFideId "2101580"]
[WhiteElo "2519"]
[BlackElo "2270"]
[Result "1-0"]
[Round "5"]
[TimeControl "180+2"]
[Date "2023.07.18"]
[WhiteClock "0:00:21"]
[BlackClock "0:00:00"]
[Board "130"]

1. e4 e6 2. d4 d5 3. Nd2 Nf6 4. e5 Nfd7 5. Bd3 c5 6. c3 Nc6 7. Ne2 f6 8. exf6 Nxf6 9. Nf3 Bd6 10. O-O O-O 11. Bf4 Bxf4 12. Nxf4 cxd4 13. cxd4 Qd6 14. g3 e5 15. dxe5 Nxe5 16. Nxe5 Qxe5 17. Re1 Qxb2 18. Re2 Qb6 19. Re7 Qd6 20. Qe1 b6 21. Rc1 Bd7 22. Qe5 Qxe5 23. Rxe5 d4 24. Rc4 Ng4 25. Re7 Rad8 26. Rxd4 Bc6 27. Rxd8 Rxd8 28. Bc4+ Kh8 29. f3 Nf6 30. Kf2 Re8 31. Rxe8+ Bxe8 32. g4 Bc6 33. g5 Nd7 34. Ne6 Ne5 35. Bb3 Nxf3 36. Nd8 Ba8 37. Nf7+ 1-0


[Site "https://www.chess.com"]

[Event "Titled Tuesday Blitz July 18 Early 2023"]
[White "Garakov, Mikhael"]
[Black "Samarth J Rao"]
[WhiteFideId "4169034"]
[BlackFideId "46652370"]
[WhiteElo "2519"]
[BlackElo "2270"]
[Result "1-0"]
[Round "5"]
[TimeControl "180+2"]
[Date "2023.07.18"]
[WhiteClock "0:00:05"]
[BlackClock "0:00:00"]
[Board "131"]

1. e4 c5 2. Nf3 e6 3. c4 Nc6 4. Nc3 Nd4 5. Be2 Nxe2 6. Qxe2 Ne7 7. O-O Nc6 8. d3 d6 9. h3 g6 10. a3 Bg7 11. Bd2 O-O 12. Rab1 a5 13. Nb5 f5 14. Bc3 e5 15. Ne1 f4 16. f3 Ra6 17. b3 Qg5 18. Nc7 Bxh3 19. Nxa6 bxa6 20. Nc2 h5 21. b4 axb4 22. axb4 cxb4 23. Nxb4 Ne7 24. Nxa6 Bc8 25. Nc7 h4 26. Rb8 Nc6 27. Ra8 Qe7 28. Nd5 Qb7 29. Rfa1 h3 30. R8a6 Kf7 31. Nb4 Nxb4 32. Ra7 Nc6 33. Rxb7+ Bxb7 34. Qb2 Bc8 35. Qb6 Bd7 36. Qc7 Ke7 37. Ra6 Rc8 38. Qb7 Rb8 39. Qc7 Rc8 40. Rxc6 Rxc7 41. Rxc7 hxg2 42. Kxg2 Kd8 43. Ra7 Bf6 44. Bb4 Be7 45. Ra8+ Kc7 46. Rg8 g5 47. Rg7 Kd8 48. Rg6 Be8 49. Rh6 Kd7 50. Rh7 Ke6 51. Ba5 Bg6 52. Rh1 Bf6 53. Rc1 Be7 54. Bb4 Bh5 55. c5 dxc5 56. Bxc5 Bf6 57. Bb4 g4 58. Rc6+ Kf7 59. fxg4 Bxg4 60. Be1 f3+ 61. Kg3 Bh5 62. Bf2 Bg5 63. Rc5 Ke6 64. Kh3 Bf4 65. Bg3 Be3 66. Rxe5+ Kf6 67. Rxh5 1-0


[Site "https://www.chess.com"]

[Event "Titled Tuesday Blitz July 18 Early 2023"]
[White "MFatigue"]
[Black "Luxama, Jacques Muller"]
[BlackFideId "11900113"]
[WhiteElo "2518"]
[BlackElo "2260"]
[Result "1-0"]
[Round "5"]
[TimeControl "180+2"]
[Date "2023.07.18"]
[WhiteClock "0:00:15"]
[BlackClock "0:00:00"]
[Board "132"]

1. e4 e6 2. d4 d5 3. Nc3 Bb4 4. e5 c5 5. a3 Bxc3+ 6. bxc3 Nc6 7. Qg4 g6 8. Nf3 h6 9. h4 Qa5 10. Bd2 c4 11. Be2 Qa4 12. O-O Qxc2 13. Rfc1 Qe4 14. Qxe4 dxe4 15. Ne1 Na5 16. Rcb1 Bd7 17. Rb4 b5 18. a4 bxa4 19. Bxc4 Ne7 20. Bb5 Nb3 21. Ra2 Nxd2 22. Rxd2 Rb8 23. Bxd7+ Kxd7 24. Rxa4 Rb7 25. Nc2 Nd5 26. c4 Nc3 27. Ra1 Rc8 28. Ne3 Rcb8 29. Ra6 Rb2 30. Rxa7+ Ke8 31. Rxb2 Rxb2 32. d5 exd5 33. cxd5 Rd2 34. d6 Ne2+ 35. Kh2 Nf4 36. Ng4 h5 37. Nf6+ Kf8 38. Ra8+ Kg7 39. Rg8+ Kh6 40. d7 Ne6 41. Rh8+ Kg7 42. Re8 e3 43. fxe3 1-0


[Site "https://www.chess.com"]

[Event "Titled Tuesday Blitz July 18 Early 2023"]
[White "Droin, Augustin"]
[Black "Vaglio Munoz, Jaime"]
[WhiteFideId "45105987"]
[BlackFideId "6500145"]
[WhiteElo "2517"]
[BlackElo "2248"]
[Result "1-0"]
[Round "5"]
[TimeControl "180+2"]
[Date "2023.07.18"]
[WhiteClock "0:00:28"]
[BlackClock "0:00:00"]
[Board "133"]

1. e4 c5 2. Nf3 Qa5 3. Nc3 a6 4. Be2 b5 5. O-O Bb7 6. d4 b4 7. Nd5 e6 8. Ne3 Bxe4 9. Nc4 Qc7 10. Re1 Nf6 11. Bg5 Bb7 12. Bd3 cxd4 13. Nxd4 Be7 14. Qe2 Nc6 15. Nxc6 Qxc6 16. f3 O-O 17. Kh1 h6 18. Bh4 Qc5 19. Rad1 Qh5 20. Bg3 d6 21. Nxd6 Bxd6 22. Bxd6 Rfe8 23. Bxb4 Nd5 24. Bd2 e5 25. Qe4 g6 26. Ba5 Rab8 27. Qa4 Nf4 28. Be4 Qg5 29. Rd2 Bxe4 30. Qxe4 Rxb2 31. Bc3 Rxa2 32. g3 Ne6 33. Rd5 Rc8 34. Rxe5 Qe7 35. Qd3 Qc7 36. R1e3 Rd8 37. Qe2 Ra3 38. Bb2 Rxe3 39. Rxe3 Qc6 40. Ra3 1-0


[Site "https://www.chess.com"]

[Event "Titled Tuesday Blitz July 18 Early 2023"]
[White "Berezin, Viktor"]
[Black "Da Silva Junior, Sediney Mari"]
[WhiteFideId "14107872"]
[BlackFideId "2132079"]
[WhiteElo "2516"]
[BlackElo "2194"]
[Result "0-1"]
[Round "5"]
[TimeControl "180+2"]
[Date "2023.07.18"]
[WhiteClock "0:00:07"]
[BlackClock "0:00:23"]
[Board "134"]

1. d4 Nf6 2. Nf3 e6 3. g3 c5 4. Bg2 d5 5. c4 Nc6 6. cxd5 exd5 7. Nc3 cxd4 8. Nxd4 Bc5 9. Nxc6 bxc6 10. O-O O-O 11. Bg5 h6 12. Bxf6 Qxf6 13. e3 Rb8 14. Rc1 Bd6 15. b3 Ba3 16. Rc2 Bf5 17. e4 Bg6 18. Na4 dxe4 19. Qe2 Rfe8 20. Qe3 Qe5 21. Rxc6 Re6 22. Rxe6 Qxe6 23. Qxa7 Rd8 24. Nc5 Bxc5 25. Qxc5 Rd2 26. Qa5 e3 27. h3 exf2+ 28. Rxf2 Qe1+ 29. Rf1 Rxg2+ 30. Kxg2 Be4+ 31. Kh2 Qxa5 0-1


[Site "https://www.chess.com"]

[Event "Titled Tuesday Blitz July 18 Early 2023"]
[White "Levitan, Ronit"]
[Black "Molina, Roberto Junio Brito"]
[WhiteFideId "2815109"]
[BlackFideId "2109450"]
[WhiteElo "2225"]
[BlackElo "2880"]
[Result "0-1"]
[Round "5"]
[TimeControl "180+2"]
[Date "2023.07.18"]
[WhiteClock "0:00:13"]
[BlackClock "0:00:10"]
[Board "135"]

1. e4 c6 2. d4 d5 3. exd5 cxd5 4. c4 Nf6 5. Nc3 e6 6. Nf3 Be7 7. cxd5 Nxd5 8. Bd3 O-O 9. O-O Nc6 10. a3 Nf6 11. Re1 b6 12. Bg5 Bb7 13. Bc2 Nd5 14. Bxe7 Ncxe7 15. Qd3 Nf6 16. Ne5 Nf5 17. Rad1 g6 18. Bb3 Nd5 19. Ne4 Rc8 20. g4 Nd6 21. Nxd6 Qxd6 22. g5 f6 23. Nxg6 Rf7 24. Nh4 fxg5 25. Ng2 Rcf8 26. Rd2 Rf3 27. Qe4 Rxb3 28. Qxe6+ Qxe6 29. Rxe6 Rbf3 30. Rd6 R3f6 31. Rd7 R6f7 32. Rxf7 Kxf7 33. Ne3 Ke6 34. Rc2 Nxe3 35. fxe3 Kd6 36. Re2 Be4 37. h3 Kd5 38. Kh2 Rf3 39. Re1 Rf2+ 40. Kg1 Rg2+ 41. Kf1 Rxb2 42. Rc1 Rb1 0-1


[Site "https://www.chess.com"]

[Event "Titled Tuesday Blitz July 18 Early 2023"]
[White "DCacheiro"]
[Black "Schmakel, Sam"]
[BlackFideId "2039311"]
[WhiteElo "2471"]
[BlackElo "2750"]
[Result "0-1"]
[Round "5"]
[TimeControl "180+2"]
[Date "2023.07.18"]
[WhiteClock "0:00:00"]
[BlackClock "0:00:05"]
[Board "136"]

1. e4 g6 2. d4 Bg7 3. c4 c5 4. d5 d6 5. Nc3 Bxc3+ 6. bxc3 e5 7. g3 Qe7 8. Bg2 Nf6 9. Ne2 Kd8 10. O-O Kc7 11. a4 h6 12. Qc2 g5 13. Be3 Nbd7 14. a5 Nf8 15. Nc1 Ng6 16. Nd3 Bd7 17. Rfd1 Rhb8 18. Nxc5 Bg4 19. f3 Bc8 20. Nd3 b6 21. Nb4 Bb7 22. a6 Bc8 23. Nc6 Qe8 24. c5 dxc5 25. Nxb8 Rxb8 26. d6+ Kd8 27. c4 Bd7 28. Rab1 Rc8 29. Kh1 Qe6 30. Qd2 Ke8 31. Rbc1 Kf8 32. Qf2 Kg7 33. Rf1 Qxd6 34. Rcd1 Qc7 35. f4 Ng4 36. Qe2 Nxe3 37. Qxe3 exf4 38. gxf4 Nxf4 39. e5 Bc6 40. Bd5 Re8 41. Rfe1 Qd7 42. Qe4 Ba4 43. Rd2 Qe7 44. Qf3 Bd7 45. Rg1 Kf8 46. Rf2 Qxe5 47. h3 Be6 48. Bxe6 Rxe6 49. Rgf1 Rf6 50. Qa8+ Kg7 51. Qb7 Qf5 52. Qf3 Rd6 53. Rg1 Kh7 54. Qg4 Qe4+ 55. Kh2 Rd3 56. Rg3 Qd4 57. Rxd3 Qxf2+ 58. Kh1 Qf1+ 59. Kh2 Qxd3 60. Qc8 Qxh3+ 61. Kg1 Qxc8 0-1


[Site "https://www.chess.com"]

[Event "Titled Tuesday Blitz July 18 Early 2023"]
[White "Martin Barcelo, Carles"]
[Black "Tregubov, Pavel V."]
[WhiteFideId "24561444"]
[BlackFideId "4115341"]
[WhiteElo "2454"]
[BlackElo "2613"]
[Result "0-1"]
[Round "5"]
[TimeControl "180+2"]
[Date "2023.07.18"]
[WhiteClock "0:02:22"]
[BlackClock "0:02:18"]
[Board "137"]

1. e4 c5 2. Nc3 e6 3. d4 cxd4 4. Qxd4 Nc6 5. Qd3 Nf6 6. Bf4 Bb4 7. Ne2 d5 8. a3 Bxc3+ 9. Nxc3 d4 10. Nb5 e5 11. Bg5 a6 12. Bxf6 gxf6 0-1


[Site "https://www.chess.com"]

[Event "Titled Tuesday Blitz July 18 Early 2023"]
[White "brm72"]
[Black "Zacurdajev, Dmitry"]
[BlackFideId "4196309"]
[WhiteElo "2589"]
[BlackElo "2422"]
[Result "0-1"]
[Round "5"]
[TimeControl "180+2"]
[Date "2023.07.18"]
[WhiteClock "0:00:00"]
[BlackClock "0:00:04"]
[Board "138"]

1. e4 c6 2. d4 d5 3. e5 c5 4. dxc5 e6 5. a3 Bxc5 6. Qg4 Ne7 7. b4 h5 8. Qh4 Bb6 9. Nf3 Nf5 10. Qf4 Nc6 11. Bb2 Qc7 12. Bd3 Nce7 13. Nc3 Ng6 14. Qg5 Nxe5 15. Bxf5 Nxf3+ 16. gxf3 Qe5+ 17. Kf1 Bd8 18. Qe3 Qxf5 19. Rg1 Qxc2 20. Nd1 Qc4+ 21. Ke1 Bf6 22. Rc1 Qh4 23. Be5 Bd7 24. Rc7 Rd8 25. Nc3 Qh3 26. Qc5 Qf5 27. f4 Be7 28. Qe3 f6 29. Bd4 O-O 30. Qg3 g6 31. Be3 Kf7 32. Ne2 Rg8 33. Nd4 Qb1+ 34. Rc1 Qa2 35. f5 exf5 36. Qf3 Be6 37. Nxe6 Kxe6 38. Qf4 Kf7 39. Rc7 Rge8 40. Kf1 d4 41. Bxd4 Qd5 42. Bc5 Qd1+ 43. Kg2 Qd5+ 44. f3 Kf8 45. Kh3 Bxc5 46. Rxc5 Qd2 47. Qxd2 Rxd2 48. Rxg6 Ree2 49. Rxf6+ Ke7 50. Rfxf5 Rxh2+ 51. Kg3 Rdg2+ 52. Kf4 Rh4+ 53. Ke3 b6 54. Rc7+ Ke6 55. Rff7 Rhh2 56. Rxa7 Re2+ 57. Kf4 h4 58. Rfe7+ Kd6 59. Rh7 h3 60. Rag7 Kc6 61. Rg5 Rhg2 62. b5+ Kd6 63. Rh6+ Ke7 64. Rgh5 h2 65. Rh7+ Kd6 66. R7h6+ Re6 67. Rxe6+ Kxe6 68. Ke3 Kd6 69. f4 Ra2 70. Ke4 Rxa3 71. Rxh2 Kc5 72. Rh5+ Kc4 73. Re5 Ra1 74. Kf5 Rg1 75. Ke6 Kd4 76. f5 Rf1 77. f6 Rf2 78. Re1 Kc4 79. Ke7 Kxb5 80. f7 Kc4 81. f8=Q Rxf8 82. Kxf8 b5 83. Ke7 b4 84. Ke6 b3 85. Ke5 Kd3 86. Kd5 b2 87. Rh1 Kc2 88. Kc4 b1=Q 89. Rh2+ Kc1 90. Kc3 Qe4 91. Rh1+ Qxh1 0-1


[Site "https://www.chess.com"]

[Event "Titled Tuesday Blitz July 18 Early 2023"]
[White "Gaal, Zsoka"]
[Black "Krutko, Anatoly"]
[WhiteFideId "777765"]
[BlackFideId "4185862"]
[WhiteElo "2419"]
[BlackElo "2587"]
[Result "1-0"]
[Round "5"]
[TimeControl "180+2"]
[Date "2023.07.18"]
[WhiteClock "0:00:17"]
[BlackClock "0:00:00"]
[Board "139"]

1. Nf3 d6 2. g3 g6 3. Bg2 Bg7 4. d4 Nf6 5. b3 a5 6. Bb2 a4 7. O-O O-O 8. c4 Ne4 9. bxa4 Bd7 10. Qc2 f5 11. Nc3 Nxc3 12. Bxc3 Rxa4 13. Qb3 Ra7 14. a4 Nc6 15. a5 Qa8 16. c5+ Kh8 17. d5 Nxa5 18. Bxg7+ Kxg7 19. Qc3+ Rf6 20. Ra3 b6 21. c6 Be8 22. Nd4 Qc8 23. e4 fxe4 24. Ne6+ Kg8 25. Bh3 Bf7 26. Ng5 Qf8 27. Nxf7 Kxf7 28. Be6+ Ke8 29. Rb1 Rf3 30. Rxa5 Rxa5 31. Qxa5 1-0


[Site "https://www.chess.com"]

[Event "Titled Tuesday Blitz July 18 Early 2023"]
[White "Chitlange Sakshi"]
[Black "Ambartsumova, Karina"]
[WhiteFideId "35002899"]
[BlackFideId "4166299"]
[WhiteElo "2405"]
[BlackElo "2586"]
[Result "1-0"]
[Round "5"]
[TimeControl "180+2"]
[Date "2023.07.18"]
[WhiteClock "0:00:22"]
[BlackClock "0:00:00"]
[Board "140"]

1. d4 d6 2. e4 g6 3. Nc3 Bg7 4. Be3 Nd7 5. Qd2 a6 6. h4 h5 7. Nf3 b5 8. a3 Bb7 9. Bd3 Nh6 10. O-O Ng4 11. Bf4 e5 12. dxe5 dxe5 13. Bg5 f6 14. Be3 O-O 15. Rad1 Qe7 16. Bxb5 axb5 17. Qxd7 Rf7 18. Qxe7 Rxe7 19. Bc5 Rf7 20. Rfe1 Bc6 21. Nd5 Bf8 22. Bxf8 Kxf8 23. Nh2 Nxh2 24. Kxh2 Rd8 25. Nc3 Rfd7 26. Rxd7 Rxd7 27. Re2 Rd4 28. f3 Kf7 29. Kg3 Ke6 30. Kf2 g5 31. Ke3 gxh4 32. Re1 f5 33. Rh1 f4+ 34. Ke2 b4 35. axb4 Rxb4 36. b3 Be8 37. Rxh4 Rb6 38. Nd5 Rb7 39. Rh1 c6 40. Nc3 Rg7 41. Kf2 Ra7 42. Na4 Rg7 43. Nc5+ Kd6 44. b4 Ra7 45. Rd1+ Ke7 46. Nd3 Ke6 47. Rb1 Ra2 48. Rb2 Ra3 49. Nc5+ Ke7 50. Nd3 Ke6 51. Ke2 Ra1 52. Rb3 Rg1 53. Kf2 Ra1 54. Rc3 Ra2 55. Rc5 Kd6 56. Nxe5 Rb2 57. Nd3 Rxb4 58. e5+ Ke6 59. Nxb4 1-0


[Site "https://www.chess.com"]